 Dungeon Crawl Stone Soup version 0.32-a0-818-gb728d02 (webtiles) character file.

Game seed: 1570683966382498263

57 Meow the Conjurer (level 4, 33/36 HPs)
             Began as a Naga Conjurer on Mar 23, 2024.
             Quit the game on level 2 of the Dungeon.
             The game lasted 00:04:36 (1607 turns).

Meow the Conjurer (Naga Conjurer)                   Turns: 1607, Time: 00:04:37

Health: 33/36      AC:  4    Str:  9    XL:     4   Next: 0%
Magic:  4/8        EV:  8    Int: 20    God:
Gold:   12         SH:  0    Dex: 10    Spells: 6/9 levels left

rFire   . . .        a - +0 club
rCold   . . .        (no shield)
rNeg    . . .        e - +0 robe
rPois   +            j - +0 helmet
rElec   .            (no cloak)
rCorr   .            p - +0 pair of gloves
SInv    +            (no barding)
Will    .....        (no amulet)
Stlth   ++           (no ring)
HPRegen 0.26/turn    (no ring)
MPRegen 0.11/turn

%: no passive effects
@: short of breath, very slow
A: AC +1, large, see invisible, deformed body, poison resistance, slowness 2,
spit poison 1, naga tail 1
a: Spit Poison


You were on level 2 of the Dungeon.
You visited 1 branch of the dungeon, and saw 3 of its levels.

You collected 12 gold pieces.

Inventory:

Hand Weapons
 a - a +0 club (weapon)
Missiles
 n - 2 poisoned darts
Armour
 e - a +0 robe (worn)
 j - a +0 helmet (worn)
 m - a +2 buckler
 p - a +0 pair of gloves (worn)
Scrolls
 f - a scroll of teleportation
 h - 2 scrolls of poison {unknown}
 l - a scroll of noise {unknown}
 o - a scroll of identify
Potions
 b - a potion of magic
 c - a potion of resistance {unknown}
 d - a potion of heal wounds {unknown}
 g - 2 potions of might
 i - a potion of attraction {unknown}
 k - a potion of berserk rage {unknown}


   Skills:
 - Level 1.5 Dodging
 - Level 3.0 Stealth
 + Level 3.0 Spellcasting
 + Level 4.7 Conjurations


You had 6 spell levels left.
You knew the following spells:

 Your Spells              Type           Power      Damage    Failure   Level
a - Magic Dart            Conj           88%        1d7       1%          1
b - Searing Ray           Conj           44%        2d6       3%          2

Your spell library contained the following spells:

 Spells                   Type           Power      Damage    Failure   Level
 Dazzling Flash           Conj/Hex       24%        N/A       16%         3
 Fulminant Prism          Conj/Alch      6%         3d7       47%         4
 Iskenderun's Mystic Bla  Conj/Tloc      12%        2d5       47%         4
 Starburst                Conj/Fire      6%         6d4       100%        6
 Maxwell's Capacitive Co  Air            1%         ∞         100%        8


Dungeon Overview and Level Annotations

Branches:
Dungeon (3/15)

Altars:


Innate Abilities, Weirdness & Mutations

Your serpentine skin is tough. (AC +1)
You have supernaturally acute eyesight. (SInv)
Armour fits poorly on your strangely shaped body.
Your system is resistant to poisons. (rPois)
You cover ground very slowly.
You can spit poison.
You have a snake-like lower body.


Message History

Your Spellcasting skill increases to level 3!
Unknown command.
You have got your breath back.
The hobgoblin shouts!
You hear an angry hiss.
The giant cockroach barely misses you. As you open the door, it creaks loudly!
The giant cockroach bites you. The giant cockroach barely misses you.
There is an open door here.
Aiming: Spit Poison (2% risk of failure)
Press: ? - help, Shift-Dir - straight line, f - giant cockroach
Aim: a giant cockroach (59% to hit)
The splash of poison misses the giant cockroach.
The splash of poison hits the kobold but does no damage.
The kobold is poisoned.
The giant cockroach bites you but does no damage.
You hit the giant cockroach but do no damage.
The giant cockroach closely misses you.
The giant cockroach bites you but does no damage.
Unknown command.
You barely miss the giant cockroach. The giant cockroach barely misses you.
Unknown command.
You hit the giant cockroach but do no damage.
You kill the kobold!
The giant cockroach closely misses you. The giant cockroach bites you.
Unknown command.
You hit the giant cockroach but do no damage.
You have got your breath back.
The giant cockroach bites you but does no damage.
The giant cockroach bites you.
Aiming: Spit Poison (2% risk of failure)
Press: ? - help, Shift-Dir - straight line, f/p - giant cockroach
Aim: a giant cockroach (59% to hit)
The splash of poison hits the giant cockroach.
The giant cockroach is poisoned.
The giant cockroach is almost dead.
You kill the giant cockroach!
You have reached level 4!
You feel agile.
Are you sure you want to abandon this character and quit the game? (Confirm with "yes".)

...........#.#####.#.#
.###########...[...#.#
#............#.#
##.#####......#.# #
#.............#.###
#......#......#...#
+......#...........
#......#........... #
##@###########.....
#.##g####......+.....
#...)..........#.....
##.............'.....
#.^...........#.....
#.............#.....
#.............#.....
#.............#.....
#.............#.....


You could see a hobgoblin.

Vanquished Creatures
  2 adders (D:2)
  A ribbon worm (D:2)
  2 dart slugs (D:1)
  2 ball pythons
  5 bats
  4 endoplasms
  2 giant cockroaches
  2 goblins (D:1)
  2 hobgoblins (D:1)
  A quokka (D:1)
  A frilled lizard (D:2)
  3 kobolds
  4 rats
31 creatures vanquished.

Notes
Turn   | Place    | Note
-------+----------+-------------------------------------------
     0 | D:1      | Meow the Naga Conjurer began the quest for the Orb.
     0 | D:1      | Reached XP level 1. HP: 15/15 MP: 3/3
   103 | D:1      | Reached XP level 2. HP: 22/22 MP: 1/5
   106 | D:1      | Learned a level 2 spell: Searing Ray
   955 | D:1      | Reached XP level 3. HP: 28/28 MP: 4/6
  1474 | D:2      | You fall into a shaft and drop 1 floor!
  1607 | D:2      | Reached XP level 4. HP: 33/36 MP: 4/8
  1607 | D:2      | Quit the game

Illustrated notes

Levels and vault maps discovered:
D:1:      minmay_arrival_four_circles, layout_basic, grunt_decor_one_mirror,
          hangedman_feature_mirror, minmay_pentomino_w2
D:2:      layout_basic, minmay_unequal, uniq_crazy_yiuf_cottage
D:3:      layout_basic

Skill      XL: |  1  2  3 |
---------------+----------+-----
Spellcasting   | 3 |  3.0
Dodging        | |  1.5
Stealth        | |  3.0
Conjurations   | |  4.7

Action                     |  1- 3 |  4- 6 || total
---------------------------+-------+-------++-------
  Melee: Club              |     4 |       ||     4
   Cast: Magic Dart        |    28 |       ||    28
         Searing Ray       |     3 |       ||     3
Ability: Spit Poison       |    22 |       ||    22
    Use: Scroll            |     2 |       ||     2
 Armour: Robe              |    14 |       ||    14
  Dodge: Dodged            |    10 |       ||    10

Table legend: (Time is in decaauts)
 A = Elapsed time spent in this place.
 B = Non-inter-level travel time spent in this place.
 C = Inter-level travel time spent in this place.
 D = Time resting spent in this place.
 E = Time spent auto-exploring this place.
 F = Levels seen in this place.
 G = Mean time per level.
                   A        B        C        D        E       F      G
               +--------+--------+--------+--------+--------+-----+--------+
         Total |   2076 |   1980 |     96 |    320 |   1431 |   3 |  692.0 |
       Dungeon |   2076 |   1980 |     96 |    320 |   1431 |   3 |  692.0 |
               +--------+--------+--------+--------+--------+-----+--------+

Top non-repeatable levels by time:
     D:1: 1520 daAuts
     D:2: 536 daAuts
     D:3: 19 daAuts
